| TOP OF THE 1ST |
|
Hagerstown Suns batting - Pitching for Peoria Chiefs : RHP Josh Ambrose
|
|
Pitching: RHP Josh Ambrose
|
|
|
Batting: RHB Pat Drader
|
0-0: Called Strike 0-1: Called Strike 0-2: SINGLE (Flyball, 8LS, EV 89.4 MPH)
|
|
Batting: LHB Mike Condon
|
0-0: Fielders Choice at 2nd, 4-6 (Groundball, 4, EV 103.8 MPH)
|
|
Batting: RHB Kevin Wick
|
0-0: Ball 1-0: Ball 2-0: Called Strike 2-1: Ball 3-1: Base on Balls Mike Condon to second
|
|
Batting: LHB Yoshiya Kurokawa
|
0-0: Swinging Strike 0-1: Swinging Strike 0-2: Strikes out swinging
|
|
Batting: RHB Justin Slifka
|
0-0: Ball 1-0: Swinging Strike 1-1: Foul Ball, location: 2F 1-2: Ball 2-2: Strikes out swinging
|
| Top of the 1st over - 0 runs, 1 hit, 0 errors, 2 left on base; Hagerstown 0 - Peoria 0 |
| BOTTOM OF THE 1ST |
|
Peoria Chiefs batting - Pitching for Hagerstown Suns : RHP Ramon Rodriguez
|
|
Pitching: RHP Ramon Rodriguez
|
|
|
Batting: LHB Jay Fenderson
|
0-0: Foul Ball, location: 2F 0-1: Ball 1-1: Foul Ball, location: 2F 1-2: Fly out, F9 (Flyball, 9LM, EV 102.5 MPH)
|
|
Batting: RHB Jorge Benites
|
0-0: Ball 1-0: Foul Ball, location: 2F 1-1: Ground out 5-3 (Groundball, 56, EV 102.5 MPH)
|
|
Batting: RHB Terry Baginski
|
0-0: Ball 1-0: Foul Ball, location: 2F 1-1: Ball 2-1: Ball 3-1: SOLO HOME RUN (Flyball, 7D, EV 99.4 MPH), Distance : 370 ft
|
|
Batting: RHB Dan Boykins
|
0-0: Ball 1-0: Fly out, F9 (Line Drive, 9D, EV 95.0 MPH)
|
| Bottom of the 1st over - 1 run, 1 hit, 0 errors, 0 left on base; Hagerstown 0 - Peoria 1 |
| TOP OF THE 2ND |
|
Hagerstown Suns batting - Pitching for Peoria Chiefs : RHP Josh Ambrose
|
|
Batting: LHB Rich Hannus
|
0-0: Ball 1-0: Called Strike 1-1: Ball 2-1: Called Strike 2-2: Ball 3-2: Strikes out swinging
|
|
Batting: RHB Jon Metzler
|
0-0: Ball 1-0: Ball 2-0: Swinging Strike 2-1: Foul Ball, location: 2F 2-2: Strikes out looking
|
|
Batting: RHB Josh Courtney
|
0-0: Called Strike 0-1: Ball 1-1: Ball 2-1: Foul Ball, location: 2F 2-2: Strikes out swinging
|
| Top of the 2nd over - 0 runs, 0 hits, 0 errors, 0 left on base; Hagerstown 0 - Peoria 1 |
| BOTTOM OF THE 2ND |
|
Peoria Chiefs batting - Pitching for Hagerstown Suns : RHP Ramon Rodriguez
|
|
Batting: RHB Travis Leonard
|
0-0: Ball 1-0: Ball 2-0: Ball 3-0: Called Strike 3-1: Swinging Strike 3-2: Foul Ball, location: 2F 3-2: Foul Ball, location: 2F 3-2: Base on Balls
|
|
Batting: SHB Bobby O'Leary
|
0-0: Ball Travis Leonard steals 2nd, throwing error, E2 Travis Leonard to third 1-0: Foul Ball, location: 2F 1-1: Called Strike 1-2: Ball 2-2: Ball 3-2: Base on Balls
|
|
Batting: RHB Javier Ochoa
|
0-0: Ball 1-0: Called Strike Bobby O'Leary steals 2nd base 1-1: SINGLE (Line Drive, 9S, EV 108.1 MPH) Travis Leonard scores Bobby O'Leary to third
|
|
Batting: RHB Josh Martin
|
0-0: Fly out, F3 (Popup, 3SF, EV 72.5 MPH)
|
|
Batting: RHB Chris Simmons
|
0-0: Ball 1-0: Foul Ball, location: 2F 1-1: Ball 2-1: DOUBLE (Groundball, 5L, EV 100.0 MPH) Bobby O'Leary scores Javier Ochoa to third
|
|
Batting: LHB Jay Fenderson
|
0-0: Called Strike 0-1: Called Strike 0-2: Ball 1-2: SINGLE (Groundball, 4MD, EV 107.5 MPH) Javier Ochoa scores Chris Simmons to third Runner from 3rd tries for Home, SAFE, throw by CF to home
|
|
Batting: RHB Jorge Benites
|
0-0: Called Strike 0-1: Called Strike 0-2: Ground out 5-3 (Groundball, 56S, EV 70.6 MPH) Jay Fenderson to second
|
|
Batting: RHB Terry Baginski
|
0-0: Foul Ball, location: 2F 0-1: Ball 1-1: Swinging Strike 1-2: Foul Ball, location: 2F 1-2: Ball 2-2: Ball 3-2: Fly out, F9 (Flyball, 9LD, EV 106.2 MPH)
|
| Bottom of the 2nd over - 4 runs, 3 hits, 1 error, 1 left on base; Hagerstown 0 - Peoria 5 |
| TOP OF THE 3RD |
|
Hagerstown Suns batting - Pitching for Peoria Chiefs : RHP Josh Ambrose
|
|
Batting: RHB Scott Skoglund
|
0-0: Ball 1-0: Ground out 3-1 (Groundball, 34S, EV 87.5 MPH)
|
|
Batting: RHB Pat Drader
|
0-0: Called Strike 0-1: DOUBLE (Line Drive, 78M, EV 98.8 MPH)
|
|
Batting: LHB Mike Condon
|
0-0: Ball 1-0: Ball Pat Drader steals 3rd base (no throw) 2-0: Foul Ball, location: 2F 2-1: Swinging Strike 2-2: Ground out 5-3 (Groundball, 56S, EV 80.0 MPH) Pat Drader scores
|
|
Batting: RHB Kevin Wick
|
0-0: Fly out, F9 (Flyball, 9D, EV 98.8 MPH)
|
| Top of the 3rd over - 1 run, 1 hit, 0 errors, 0 left on base; Hagerstown 1 - Peoria 5 |
| BOTTOM OF THE 3RD |
|
Peoria Chiefs batting - Pitching for Hagerstown Suns : RHP Ramon Rodriguez
|
|
Batting: RHB Dan Boykins
|
0-0: Swinging Strike 0-1: Foul Ball, location: 2F 0-2: Foul Ball, location: 2F 0-2: Ball 1-2: Foul Ball, location: 2F 1-2: Ball 2-2: Ball 3-2: SINGLE (Groundball, 6MD, EV 97.5 MPH)
|
|
Batting: RHB Travis Leonard
|
0-0: Ball 1-0: Called Strike 1-1: Foul Ball, location: 2F 1-2: Ball 2-2: Foul Ball, location: 2F 2-2: Foul Ball, location: 2F 2-2: Strikes out swinging
|
|
Batting: SHB Bobby O'Leary
|
0-0: Foul Ball, location: 2F 0-1: Foul Ball, location: 2F 0-2: Fly out, F7 (Line Drive, 7, EV 86.9 MPH)
|
|
Batting: RHB Javier Ochoa
|
0-0: Ball 1-0: Fly out, F8 (Flyball, 8RM, EV 79.4 MPH)
|
| Bottom of the 3rd over - 0 runs, 1 hit, 0 errors, 1 left on base; Hagerstown 1 - Peoria 5 |
| TOP OF THE 4TH |
|
Hagerstown Suns batting - Pitching for Peoria Chiefs : RHP Josh Ambrose
|
|
Batting: LHB Yoshiya Kurokawa
|
0-0: Called Strike 0-1: Ground out 5-3 (Groundball, 56, EV 105.6 MPH)
|
|
Batting: RHB Justin Slifka
|
0-0: Foul Ball, location: 2F 0-1: Swinging Strike 0-2: Foul Ball, location: 2F 0-2: Ball 1-2: Strikes out looking
|
|
Batting: LHB Rich Hannus
|
0-0: Swinging Strike 0-1: Foul Ball, location: 2F 0-2: Strikes out swinging
|
| Top of the 4th over - 0 runs, 0 hits, 0 errors, 0 left on base; Hagerstown 1 - Peoria 5 |
| BOTTOM OF THE 4TH |
|
Peoria Chiefs batting - Pitching for Hagerstown Suns : RHP Ramon Rodriguez
|
|
Batting: RHB Josh Martin
|
0-0: Foul Ball, location: 2F 0-1: DOUBLE (Flyball, 8RD, EV 96.2 MPH)
|
|
Batting: RHB Chris Simmons
|
0-0: Fly out, F5 (Popup, 25F, EV 91.2 MPH)
|
|
Batting: LHB Jay Fenderson
|
0-0: Called Strike 0-1: Ball 1-1: Ball 2-1: Called Strike 2-2: TRIPLE (Groundball, 3L, EV 105.0 MPH) Josh Martin scores
|
|
Pitching: RHP Gilberto Ricalde
|
|
|
Batting: RHB Jorge Benites
|
0-0: Called Strike 0-1: Ball 1-1: Fly out, F3 (Line Drive, 3, EV 71.9 MPH)
|
|
Batting: RHB Terry Baginski
|
0-0: Foul Ball, location: 2F 0-1: Ball 1-1: Ball 2-1: Ball 3-1: Base on Balls
|
|
Batting: RHB Dan Boykins
|
0-0: Ball 1-0: Ball 2-0: Fly out, F7 (Flyball, 78D, EV 84.4 MPH)
|
| Bottom of the 4th over - 1 run, 2 hits, 0 errors, 2 left on base; Hagerstown 1 - Peoria 6 |
| TOP OF THE 5TH |
|
Hagerstown Suns batting - Pitching for Peoria Chiefs : RHP Josh Ambrose
|
|
Batting: RHB Jon Metzler
|
0-0: SINGLE (Groundball, 56D, EV 101.2 MPH)
|
|
Batting: RHB Josh Courtney
|
0-0: Ball 1-0: Foul Ball, location: 2F 1-1: Ball 2-1: Fly out, F8 (Line Drive, 8LD, EV 96.9 MPH)
|
|
Batting: RHB Scott Skoglund
|
0-0: Ball 1-0: Called Strike 1-1: Foul Ball, location: 2F 1-2: Strikes out swinging
|
|
Batting: RHB Pat Drader
|
0-0: Foul Ball, location: 2F 0-1: Ball 1-1: Ball 2-1: Swinging Strike 2-2: Ball 3-2: Ground out 6-3 (Groundball, 6, EV 95.0 MPH)
|
| Top of the 5th over - 0 runs, 1 hit, 0 errors, 1 left on base; Hagerstown 1 - Peoria 6 |
| BOTTOM OF THE 5TH |
|
Peoria Chiefs batting - Pitching for Hagerstown Suns : RHP Gilberto Ricalde
|
|
Batting: RHB Travis Leonard
|
0-0: Ball 1-0: Called Strike 1-1: Called Strike 1-2: Ground out 3-1 (Groundball, 34S, EV 88.1 MPH)
|
|
Batting: SHB Bobby O'Leary
|
0-0: Ball 1-0: Called Strike 1-1: Fly out, F8 (Flyball, 8LS, EV 91.9 MPH)
|
|
Batting: RHB Javier Ochoa
|
0-0: Called Strike 0-1: Ball 1-1: Ball 2-1: Ball 3-1: Base on Balls
|
|
Batting: RHB Josh Martin
|
0-0: Called Strike 0-1: Ball 1-1: Ball 2-1: Called Strike 2-2: Foul Ball, location: 2F 2-2: Ball 3-2: DOUBLE (Groundball, 5L, EV 101.2 MPH) Javier Ochoa to third Javier Ochoa scores
|
|
Batting: RHB Chris Simmons
|
0-0: Ball 1-0: Foul Ball, location: 2F 1-1: 2-RUN HOME RUN (Flyball, 78XD, EV 98.1 MPH), Distance : 396 ft
|
|
Batting: LHB Jay Fenderson
|
0-0: Ball 1-0: Called Strike 1-1: Ball 2-1: Ball 3-1: Base on Balls
|
|
Batting: RHB Jorge Benites
|
0-0: Called Strike Jay Fenderson steals 2nd base 0-1: Called Strike 0-2: Foul Ball, location: 2F 0-2: Ball 1-2: Foul Ball, location: 2F 1-2: Ball 2-2: Foul Ball, location: 2F 2-2: Foul Ball, location: 2F 2-2: Ground out 4-3 (Groundball, 4MD, EV 102.5 MPH)
|
| Bottom of the 5th over - 3 runs, 2 hits, 0 errors, 1 left on base; Hagerstown 1 - Peoria 9 |
| TOP OF THE 6TH |
|
Hagerstown Suns batting - Pitching for Peoria Chiefs : RHP Josh Ambrose
|
|
Batting: LHB Mike Condon
|
0-0: Ball 1-0: Ball 2-0: Ground out 6-3 (Groundball, 6, EV 91.9 MPH)
|
|
Batting: RHB Kevin Wick
|
0-0: Ball 1-0: Called Strike 1-1: Ground out 6-3 (Groundball, 6, EV 80.0 MPH)
|
|
Batting: LHB Yoshiya Kurokawa
|
0-0: Ball 1-0: Fly out, F8 (Flyball, 8RS, EV 90.6 MPH)
|
| Top of the 6th over - 0 runs, 0 hits, 0 errors, 0 left on base; Hagerstown 1 - Peoria 9 |
| BOTTOM OF THE 6TH |
|
Peoria Chiefs batting - Pitching for Hagerstown Suns : RHP Gilberto Ricalde
|
|
Pitching: RHP Roy Walker
|
|
|
Batting: RHB Terry Baginski
|
0-0: Called Strike 0-1: Ball 1-1: Ground out 6-3 (Groundball, 6M, EV 106.2 MPH)
|
|
Batting: RHB Dan Boykins
|
0-0: Ball 1-0: Ground out 6-3 (Groundball, 6, EV 83.8 MPH)
|
|
Batting: RHB Travis Leonard
|
0-0: Ball 1-0: Ball 2-0: Foul Ball, location: 2F 2-1: Ball 3-1: Foul Ball, location: 2F 3-2: Base on Balls
|
|
Batting: SHB Bobby O'Leary
|
0-0: Ball 1-0: Ball 2-0: Ball 3-0: Called Strike 3-1: Base on Balls Travis Leonard to second
|
|
Batting: RHB Javier Ochoa
|
0-0: Called Strike 0-1: Foul Ball, location: 2F 0-2: Ball 1-2: Strikes out swinging
|
| Bottom of the 6th over - 0 runs, 0 hits, 0 errors, 2 left on base; Hagerstown 1 - Peoria 9 |
| TOP OF THE 7TH |
|
Hagerstown Suns batting - Pitching for Peoria Chiefs : RHP Josh Ambrose
|
|
Batting: RHB Justin Slifka
|
0-0: Fly out, F9 (Flyball, 89M, EV 89.4 MPH)
|
|
Batting: LHB Rich Hannus
|
0-0: Ball 1-0: Ball 2-0: Foul Ball, location: 2F 2-1: Ball 3-1: Base on Balls
|
|
Batting: RHB Jon Metzler
|
0-0: Called Strike 0-1: Ball Pickoff Throw by Catcher to First - Out! 1-1: Swinging Strike 1-2: Fly out, F5 (Line Drive, 5, EV 74.4 MPH)
|
| Top of the 7th over - 0 runs, 0 hits, 0 errors, 0 left on base; Hagerstown 1 - Peoria 9 |
| BOTTOM OF THE 7TH |
|
Peoria Chiefs batting - Pitching for Hagerstown Suns : RHP Roy Walker
|
|
Batting: RHB Josh Martin
|
0-0: Foul Ball, location: 2F 0-1: Foul Ball, location: 2F 0-2: Ground out 3-1 (Groundball, 13, EV 79.4 MPH)
|
|
Batting: RHB Chris Simmons
|
0-0: Fly out, F8 (Flyball, 8LXD, EV 102.5 MPH)
|
|
Batting: LHB Jay Fenderson
|
0-0: Called Strike 0-1: Fly out, F6 (Line Drive, 6, EV 75.6 MPH)
|
| Bottom of the 7th over - 0 runs, 0 hits, 0 errors, 0 left on base; Hagerstown 1 - Peoria 9 |
| TOP OF THE 8TH |
|
Hagerstown Suns batting - Pitching for Peoria Chiefs : RHP Josh Ambrose
|
|
Pitching: RHP Asao Saito
|
|
|
Batting: RHB Josh Courtney
|
0-0: Foul Ball, location: 2F 0-1: DOUBLE (Line Drive, 89XD, EV 112.5 MPH)
|
|
Batting: RHB Scott Skoglund
|
0-0: Called Strike 0-1: Ball 1-1: Ball 2-1: Swinging Strike 2-2: Ball 3-2: Foul Ball, location: 2F 3-2: Strikes out looking
|
|
Pinch Hitting: RHB Bobby Dieter
|
0-0: Called Strike 0-1: Ball 1-1: Ground out 4-3 (Groundball, 4, EV 102.5 MPH) Josh Courtney to third
|
|
Batting: LHB Mike Condon
|
0-0: Ball 1-0: Swinging Strike 1-1: SINGLE (Groundball, 4MD, EV 101.9 MPH) Josh Courtney scores
|
|
Batting: RHB Kevin Wick
|
0-0: Called Strike 0-1: Swinging Strike 0-2: Ball 1-2: Strikes out swinging
|
| Top of the 8th over - 1 run, 2 hits, 0 errors, 1 left on base; Hagerstown 2 - Peoria 9 |
| BOTTOM OF THE 8TH |
|
Peoria Chiefs batting - Pitching for Hagerstown Suns : RHP Roy Walker
|
|
Now at SS: Bobby Dieter
|
|
|
Batting: RHB Jorge Benites
|
0-0: Called Strike 0-1: Foul Ball, location: 2F 0-2: Ground out 6-3 (Groundball, 6, EV 81.9 MPH)
|
|
Batting: RHB Terry Baginski
|
0-0: Called Strike 0-1: Ball 1-1: Foul Ball, location: 2F 1-2: Ground out U3 (Groundball, 3, EV 108.8 MPH)
|
|
Batting: RHB Dan Boykins
|
0-0: SINGLE (Groundball, 6D, EV 98.1 MPH)
|
|
Batting: RHB Travis Leonard
|
0-0: Ball 1-0: Ball 2-0: DOUBLE (Line Drive, 7LS, EV 108.1 MPH) Dan Boykins to third Runner from 3rd tries for Home, SAFE, throw by LF to trailing runner, OUT at third! 7-3-5
|
| Bottom of the 8th over - 1 run, 2 hits, 0 errors, 0 left on base; Hagerstown 2 - Peoria 10 |
| TOP OF THE 9TH |
|
Hagerstown Suns batting - Pitching for Peoria Chiefs : RHP Asao Saito
|
|
Batting: LHB Yoshiya Kurokawa
|
0-0: Ball 1-0: Ball 2-0: Foul Ball, location: 2F 2-1: SINGLE (Groundball, 6MD, EV 96.9 MPH)
|
|
Pitching: RHP Ed Puentes
|
|
|
Batting: RHB Justin Slifka
|
0-0: Called Strike 0-1: Ball 1-1: Fielders Choice at 2nd, 3-6 (Groundball, 34, EV 89.4 MPH)
|
|
Batting: LHB Rich Hannus
|
0-0: Called Strike 0-1: Foul Ball, location: 2F 0-2: Strikes out swinging
|
|
Batting: RHB Jon Metzler
|
0-0: Foul Ball, location: 2F 0-1: Ball 1-1: Swinging Strike 1-2: Strikes out swinging
|
| Top of the 9th over - 0 runs, 1 hit, 0 errors, 1 left on base; Hagerstown 2 - Peoria 10 |
|